 Dungeon Crawl Stone Soup version 0.30-a0-465-g8901f6c8b5 (webtiles) character file.

Game seed: 14164907598307775114

65 Majang the Cudgeller (level 3, -5/34 (36) HPs)
             Began as a Troll Gladiator on Dec 18, 2022.
             Slain by Crazy Yiuf
             ... wielding a +2 quarterstaff of chaos
              (7 damage)
             ... on level 2 of the Dungeon.
             The game lasted 00:03:20 (1086 turns).

Majang the Cudgeller (Troll Gladiator)              Turns: 1086, Time: 00:03:24

HP:   -5/34 (36)    AC:  4    Str: 22 (24) XL:     3   Next: 92%
MP:   2/2           EV: 10    Int:  2 (4)  God:
Gold: 121           SH:  0    Dex:  8 (11) Spells: 2/2 levels left

rFire   . . .      SeeInvis .    a - +0 flail
rCold   . . .      Faith    .    (no shield)
rNeg    . . .      Spirit   .    b - +0 robe
rPois   .          Reflect  .    c - +0 hat
rElec   .          Harm     .    (no cloak)
rCorr   .          Rampage  .    (gloves unavailable)
Will    .....                    (boots unavailable)
Stlth   +.........               (no amulet)
HPRegen 1.05/turn                (no ring)
MPRegen 0.08/turn                (no ring)

@: lethally poisoned (-5 -> -11), drained
A: large, unfitting armour, claws 3, regeneration 1, shaggy fur 1, tough skin 1
a: no special abilities


You were on level 2 of the Dungeon.
You visited 1 branch of the dungeon, and saw 2 of its levels.

You collected 121 gold pieces.

Inventory:

Hand Weapons
 a - a +0 flail (weapon)
Missiles
 d - 3 throwing nets (quivered)
 e - a large rock
Armour
 b - a +0 robe (worn)
 c - a +0 hat (worn)
Scrolls
 f - a scroll of identify {unknown}
 j - a scroll of teleportation {unknown}
 k - a scroll of poison {unknown}
 l - a scroll of amnesia {unknown}
 m - a scroll of blinking {unknown}
Potions
 h - a potion of heal wounds {unknown}
 i - a potion of lignification {unknown}


   Skills:
 + Level 2.3 Fighting
 * Level 3.9 Maces & Flails
 - Level 1.7 Throwing
 - Level 2.4 Dodging


You had 2 spell levels left.
You didn't know any spells.
Your spell library was empty.

Dungeon Overview and Level Annotations

Branches:
Dungeon (2/15)

Altars:

Annotations:
D:2 Crazy Yiuf


Innate Abilities, Weirdness & Mutations

You are too large for most types of armour.
You have claws for hands.
Your natural rate of healing is unusually fast.
You are covered in fur. (AC +1)
You have tough skin. (AC +1)


Message History

You are frozen.
You sock the endoplasm!
You kill the endoplasm!
You now have 121 gold pieces (gained 14).
A bat comes into view.
Found a stone staircase leading down.
The bat hits you but does no damage.
An endoplasm comes into view.
The endoplasm quivers.
The bat hits you but does no damage. The bat attacks as you move away!
The bat hits you but does no damage. x2
The bat barely misses you.
You miss the bat. The bat hits you but does no damage.
The bat closely misses you.
You barely miss the bat. The bat hits you but does no damage. The bat hits you.
You sock the bat!
You kill the bat!
You sock the endoplasm!
You kill the endoplasm!
Found a hammer.
Found a runed translucent door.
Crazy Yiuf shouts!
As you open the door, it creaks loudly!
You hit Crazy Yiuf.
Crazy Yiuf is moderately wounded.
Crazy Yiuf hits you with a +2 quarterstaff of chaos!
You are poisoned.
You sock Crazy Yiuf!
Crazy Yiuf is severely wounded.
You feel extremely sick.
Crazy Yiuf hits you with a +2 quarterstaff of chaos!
* * * LOW HITPOINT WARNING * * *
You feel drained.
* * * LOW HITPOINT WARNING * * *
It was a potion of degeneration.
There was something very wrong with that liquid.
You feel weakened.
You feel dopey.
You feel clumsy.
* * * LOW HITPOINT WARNING * * *
You feel very sick.
Crazy Yiuf hits you with a +2 quarterstaff of chaos!
You die...

#. #.#.................#.#..###
#.###.#....##.#...##.##.#.#..#
##.....#<..........##.##.#.#..###
.........################.......#
###.##.### ##.#..#.# ....##.###
########.#..#.# ....##.#.# ###
###.#...##.#..... .........#
#...##..#............. ....##.#[#
#...g@####........#... ....##.#.#
#)..### ##..#..#.#... ....##...#
### #####.#..... .........#
#.#....# .........# ....##.#
.....##..# ........
.....##..####.. ##.#.##.#
............... #.#.#...
.....##..#####. ########.#.#...


You could see Crazy Yiuf.

Vanquished Creatures
  2 adders (D:2)
  A worm (D:2)
  A dart slug (D:1)
  6 endoplasms
  2 goblins
  8 hobgoblins
  3 kobolds (D:1)
  3 quokkas
  4 ball pythons
  4 bats (D:2)
  2 frilled lizards (D:1)
  3 rats
39 creatures vanquished.

Notes
Turn   | Place    | Note
-------+----------+-------------------------------------------
     0 | D:1      | Majang the Troll Gladiator began the quest for the Orb.
     0 | D:1      | Reached XP level 1. HP: 19/19 MP: 0/0
   220 | D:1      | Reached skill level 3 in Maces & Flails
   269 | D:1      | Reached XP level 2. HP: 28/28 MP: 1/1
   745 | D:2      | Reached XP level 3. HP: 33/35 MP: 2/2
  1079 | D:2      | Found a runed translucent door.
  1080 | D:2      | Noticed Crazy Yiuf
  1086 | D:2      | Slain by Crazy Yiuf

Illustrated notes

Levels and vault maps discovered:
D:1:      ebering_trefoil_twist, layout_loops_ring
D:2:      layout_basic, uniq_crazy_yiuf_cottage

Skill      XL: |  1  2 |
---------------+-------+-----
Maces & Flails | 3 |  3.9
Fighting       | 2 |  2.3
Throwing       | |  1.7
Dodging        | |  2.4

Action                   || total
-------------------------++-------
Melee: Flail             ||   128
       Punch             ||     1
  Use: Potion            ||     1
Armor: Robe              ||    59
Dodge: Dodged            ||    69

Table legend: (Time is in decaauts)
 A = Elapsed time spent in this place.
 B = Non-inter-level travel time spent in this place.
 C = Inter-level travel time spent in this place.
 D = Time resting spent in this place.
 E = Time spent auto-exploring this place.
 F = Levels seen in this place.
 G = Mean time per level.
                   A        B        C        D        E       F      G
               +--------+--------+--------+--------+--------+-----+--------+
         Total |   1115 |   1096 |     19 |      0 |    766 |   2 |  557.5 |
       Dungeon |   1115 |   1096 |     19 |      0 |    766 |   2 |  557.5 |
               +--------+--------+--------+--------+--------+-----+--------+

Top non-repeatable levels by time:
     D:1: 697 daAuts
     D:2: 418 daAuts
